 Dungeon Crawl Stone Soup version 0.20.0-8-g6b59dc7 (webtiles) character file.

30 MTVSty1e the Stinger (level 3, -2/22 HPs)
             Began as a Gargoyle Venom Mage on June 2, 2017.
             Slain by Sigmund
             ... wielding a +0 scythe
              (9 damage)
             ... on level 2 of the Dungeon.
             The game lasted 00:02:17 (1080 turns).

MTVSty1e the Stinger (Gargoyle Venom Mage)          Turns: 1080, Time: 00:02:18

Health: -2/22      AC:  8    Str: 12    XL:     3   Next: 20%
Magic:  4/6        EV: 10    Int: 15    God:
Gold:   46         SH:  0    Dex: 10    Spells: 5/6 levels left

rFire    . . .     SeeInvis .   f - +0 whip
rCold    . . .     Gourm    .   (no shield)
rNeg     + . .     Faith    .   h - +0 ring mail (curse)
rPois    ∞         Spirit   .   (no helmet)
rElec    +         Reflect  .   (no cloak)
rCorr    .         Harm     .   (no gloves)
MR       .....                  (no boots)
Stlth    +.........             (no amulet)
Regen    0.1/turn               (no ring)
MPRegen  0.1/turn               (no ring)

@: no status effects
A: negative energy resistance 1, electricity resistance, unbreathing,
petrification resistance, rot immunity, AC +3
a: no special abilities


You were on level 2 of the Dungeon.
You were full.

You visited 1 branch of the dungeon, and saw 2 of its levels.

You collected 46 gold pieces.

Inventory:

Hand Weapons
 f - a +0 whip (weapon)
Armour
 a - a +0 robe
 h - a cursed +0 ring mail (worn)
Scrolls
 e - 3 scrolls of fog {unknown}
 i - a scroll of magic mapping {unknown}
 l - a scroll of enchant armour {unknown}
 m - a scroll of fear {unknown}
Potions
 d - a potion of might {unknown}
 g - a potion of ambrosia {unknown}
 k - a potion of curing {unknown}
Books
 b - a Young Poisoner's Handbook

   Spells                             Type                      Level
   a - Sting                          Conjuration/Poison           1
   b - Poisonous Vapours              Poison/Air                   2
   c - Mephitic Cloud                 Conjuration/Poison/Air       3
   d - Olgreb's Toxic Radiance        Poison                       4
   e - Venom Bolt                     Conjuration/Poison           5
Comestibles
 c - a bread ration


   Skills:
 + Level 2.5 Fighting
 * Level 1.2 Maces & Flails
 - Level 1.5 Dodging
 - Level 2.1 Stealth
 - Level 2.0 Spellcasting
 - Level 1.1 Conjurations
 - Level 3.0 Poison Magic


You had 5 spell levels left.
You knew the following spells:

 Your Spells              Type           Power        Failure   Level  Hunger
a - Sting                 Conj/Pois      #...         22%         1    #......


Dungeon Overview and Level Annotations

Branches:
Dungeon (2/15)

Altars:

Annotations:
D:2 Sigmund


Innate Abilities, Weirdness & Mutations

You are resistant to torment.
Your stone body is resilient. (AC +3)
You are immune to poison.
You resist negative energy. (rN+)
You are resistant to electric shocks. (rElec)
You can survive without breathing.
You are immune to petrification.
You are immune to rotting.


Message History

The puff of flame hits you!
Ouch! That really hurt!
* * * LOW HITPOINT WARNING * * *
The goblin barely misses you. Sigmund hits you but does no damage.
The goblin barely misses you.
Sigmund gestures wildly while chanting.
Sigmund flickers and vanishes!
Deactivating autopickup; reactivate with Ctrl-A.
There is a stone staircase leading down here.
You can't go down here!
You hit the goblin.
The goblin is heavily wounded.
The goblin closely misses you.
You closely miss the goblin.
The goblin is heavily wounded.
The goblin barely misses you.
You closely miss the goblin.
The goblin is moderately wounded.
The goblin hits you but does no damage. Something hits you!
You die...

#.# #.# #.# #.# # #
#######.###.#.#....
#....$.............
#.#####.####..!#.##.##.##
.............#.#w# #
.#####.####...#.# #.#
##.##g#
..#####.#####.##@#
.....<........##.#
..###.##########.# #.#
..# #.# ..# #.# #..# #.#
#..# #.# #..# #.#


You could see a dart slug and a goblin.

Vanquished Creatures
  An ooze (D:1)
  2 dart slugs (D:1)
  A leopard gecko (D:1)
  2 giant cockroaches (D:1)
  3 goblins (D:1)
  4 hobgoblins (D:1)
  2 kobolds (D:1)
  3 bats (D:1)
  2 rats
20 creatures vanquished.

Notes
Turn   | Place    | Note
-------+----------+-------------------------------------------
     0 | D:1      | MTVSty1e the Gargoyle Venom Mage began the quest for the Orb.
     0 | D:1      | Reached XP level 1. HP: 10/10 MP: 3/3
    33 | D:1      | Reached skill level 1 in Fighting
    50 | D:1      | Reached XP level 2. HP: 14/17 MP: 1/5
   594 | D:1      | Reached skill level 1 in Maces & Flails
   594 | D:1      | Reached XP level 3. HP: 22/22 MP: 6/6
  1065 | D:2      | Noticed Sigmund
  1080 | D:2      | Slain by Sigmund

Skill      XL: |  1  2 |
---------------+-------+-----
Fighting       | 1 2 |  2.5
Maces & Flails | 1 |  1.2
Dodging        | |  1.5
Stealth        | |  2.1
Spellcasting   | |  2.0
Conjurations   | |  1.1
Poison Magic   | |  3.0

Action                   || total
-------------------------++-------
Melee: Unarmed           ||    21
       Whip              ||    61
 Cast: Sting             ||    14
  Eat: Meat ration       ||     1
Armor: Robe              ||    15
       Ring mail         ||    28
Dodge: Dodged            ||    46
